 Dungeon Crawl Stone Soup version 0.29.0-11-gd7f09526c8 (webtiles) character file.

Game seed: 1806059979094970450

286 Strat the Chopper (level 6, -4/53 HPs)
             Began as a Minotaur Berserker on Sept 4, 2022.
             Was a Believer of Trog.
             Slain by a gnoll
             ... wielding a +0 spear
              (8 damage)
             ... on level 4 of the Dungeon.
             The game lasted 00:05:42 (1301 turns).

Strat the Chopper (Minotaur Berserker)              Turns: 1301, Time: 00:05:42

Health: -4/53      AC:  5    Str: 23    XL:     6   Next: 8%
Magic:  5/5        EV: 11    Int:  4    God:    Trog [**....]
Gold:   115        SH:  3    Dex: 10    Spells: 5/5 levels left

rFire   . . .      SeeInvis .   a - +0 hand axe
rCold   . . .      Faith    .   g - +0 buckler
rNeg    . . .      Spirit   .   j - +0 ring mail
rPois   .          Reflect  .   (helmet restricted)
rElec   .          Harm     .   (no cloak)
rCorr   .          Rampage  .   (no gloves)
Will    .....                   (no boots)
Stlth   ..........              (no amulet)
HPRegen 0.17/turn               (no ring)
MPRegen 0.09/turn               (no ring)

@: on berserk cooldown, slowed, very slow
A: horns 2, retaliatory headbutt
a: Renounce Religion, Berserk, Trog's Hand


You were on level 4 of the Dungeon.
You worshipped Trog.
Trog was pleased with you.
You visited 1 branch of the dungeon, and saw 5 of its levels.

You collected 115 gold pieces.

Inventory:

Hand Weapons
 a - a +0 hand axe (weapon)
Armour
 b - a +0 animal skin
 g - a +0 buckler (worn)
 j - a +0 ring mail (worn)
Jewellery
 i - a ring of magical power
Wands
 e - a wand of light (7)
Scrolls
 c - 3 scrolls of identify {unknown}
 h - a scroll of enchant weapon {unknown}
 l - a scroll of summoning {unknown}
 m - a scroll of enchant armour {unknown}
 o - a scroll of teleportation {unknown}
Potions
 d - 2 potions of flight {unknown}
 f - a potion of curing {unknown}
 k - 3 potions of degeneration {unknown}
 n - a potion of heal wounds {unknown}


   Skills:
 + Level 4.4 Fighting
 + Level 7.2 Axes
 + Level 3.4 Armour
 - Level 2.5 Dodging


You had 5 spell levels left.
You didn't know any spells.
Your spell library was empty.

Dungeon Overview and Level Annotations

Branches:
Dungeon (5/15)
 Temple: D:4-7

Altars:


Innate Abilities, Weirdness & Mutations

You have a pair of horns on your head.
You reflexively headbutt those who attack you in melee.


Message History

You barely miss the gnoll.
The gnoll is severely wounded.
You slash the gnoll!
You kill the gnoll!
Trog accepts your kill.
The gnoll hits you from afar with a +0 spear.
* * * LOW HITPOINT WARNING * * *
You have reached level 6!
You slash the ball python!
You kill the ball python!
Trog accepts your kill. The gnoll hits you but does no damage.
The gnoll barely misses you. You furiously retaliate!
You headbutt the gnoll.
Things that are here:
a +0 whip; a +0 sling You feel a strong urge to attack something.
You are no longer berserk.
You are exhausted.
You feel yourself slow down. The gnoll hits you with a +0 spear.
* * * LOW HITPOINT WARNING * * *
The gnoll misses you.
You hit the gnoll.
The gnoll is almost dead.
The gnoll hits you from afar with a +0 spear.
* * * LOW HITPOINT WARNING * * *
The gnoll hits you with a +0 spear!
* * * LOW HITPOINT WARNING * * *
You hit the gnoll.
You kill the gnoll!
Trog accepts your kill. The gnoll barely misses you.
You slash the gnoll!
The gnoll is almost dead.
The gnoll closely misses you.
The gnoll hits you with a +5 whip of freezing.
* * * LOW HITPOINT WARNING * * *
The gnoll freezes you.
* * * LOW HITPOINT WARNING * * *
The gnoll hits you from afar with a +0 spear!
You die...

.#.# #.#.#..# #..........
##.###########.#.# .. #..##......
.#..........##.#.# #.##..##......
.##########.##.#.# ..#..##.S..g.
.'......# #รท##.#.# #.#..##gg....
.#.####.# #...<#)# #....##.o....
.#.##.#.######.#)# #...##......
##....#...(....#)#####.>###.S....
..###.#..#######@g........)g#####
......#..# ###g...#####.#
..(##.#..# #....# #.# ......#).#
#....# #.# ..###.#..# #....# #.#
..'......#########....#####.#
..###.#...................#.# ###
#.############....###.#.# #..
#....#


You could see 2 gnolls.

Vanquished Creatures
  2 phantoms (D:4)
  A jelly (D:2)
  4 gnolls (D:4)
  An adder (D:3)
  2 ufetubi
  2 worms
  2 orcs
  A bat (D:1)
  4 endoplasms
  A giant cockroach (D:1)
  5 goblins
  4 hobgoblins
  2 quokkas (D:4)
  8 ball pythons
  4 frilled lizards
  5 kobolds
  3 rats
51 creatures vanquished.

Notes
Turn   | Place    | Note
-------+----------+-------------------------------------------
     0 | D:1      | Strat the Minotaur Berserker began the quest for the Orb.
     0 | D:1      | Reached XP level 1. HP: 19/19 MP: 0/0
    70 | D:1      | Reached XP level 2. HP: 14/27 MP: 1/1
   247 | D:2      | Reached skill level 4 in Axes
   285 | D:2      | Reached skill level 5 in Axes
   285 | D:2      | Reached XP level 3. HP: 13/33 MP: 2/2
   343 | D:2      | Reached ** piety under Trog
   648 | D:3      | Reached XP level 4. HP: 22/40 MP: 3/3
  1046 | D:4      | Noticed a phantom
  1060 | D:4      | Killed a phantom
  1061 | D:4      | Reached skill level 6 in Axes
  1061 | D:4      | Reached XP level 5. HP: 36/46 MP: 4/4
  1135 | D:5      | Entered Level 5 of the Dungeon
  1135 | D:5      | Noticed a phantom
  1136 | D:5      | Noticed a phantom
  1160 | D:4      | Killed a phantom
  1161 | D:4      | Reached skill level 7 in Axes
  1296 | D:4      | Reached XP level 6. HP: 28/53 MP: 5/5
  1301 | D:4      | Slain by a gnoll

Illustrated notes

Levels and vault maps discovered:
D:1:      ncdulo_smallfort, layout_loops_ring, chequers_serial_rivers_micro_e,
          st_stairs_7
D:2:      layout_loops_ring, basic_ecumenical_altar, minmay_tromino_v2
D:3:      layout_loops_corners, uniq_crazy_yiuf_cottage
D:4:      layout_basic, kennysheep_minor_cross, minmay_quantized
D:5:      layout_cave_pods, nicolae_uskayaw_en_pointe

Skill      XL: |  1  2  3  4  5 |
---------------+----------------+-----
Fighting       | 4 |  4.4
Axes           | 5 6 7 |  7.2
Armour         | 3 |  3.4
Dodging        | |  2.5

Action                   |  1- 3 |  4- 6 || total
-------------------------+-------+-------++-------
Melee: Hand axe          |    67 |    64 ||   131
       Headbutt          |    13 |     8 ||    21
       Punch             |     1 |       ||     1
Invok: Berserk           |       |     1 ||     1
Armor: Animal skin       |    14 |       ||    14
       Ring mail         |     4 |    19 ||    23
Dodge: Dodged            |    39 |    33 ||    72
Block: Buckler           |     1 |     6 ||     7
